3AA
BELVEDERE PARK RAWHIDES @ DURHAM RAPIERS
09/04/2038
 
TOP OF THE 1ST
Belvedere Park Rawhides batting - Pitching for Durham Rapiers : RHP Freddy Calcines
Pitching: RHP Freddy Calcines
Batting: SHB Hélio Capriati 0-0: Ball
1-0: Ball
2-0: Called Strike
2-1: Foul Ball, location: 2F
2-2: Strikes out swinging
Batting: RHB Mauro Jasso 0-0: Ball
1-0: Fly out, F9 (Flyball, 89D, EV 84.4 MPH)
Batting: SHB Yeow-whye Zhu 0-0: Ball
1-0: Ball
2-0: Ball
3-0: Called Strike
3-1: Foul Ball, location: 2F
3-2: Fly out, F7 (Flyball, 78M, EV 90.6 MPH)
Top of the 1st over - 0 runs, 0 hits, 0 errors, 0 left on base; Belvedere Park 0 - Durham 0
BOTTOM OF THE 1ST
Durham Rapiers batting - Pitching for Belvedere Park Rawhides : RHP Héctor Barrera
Pitching: RHP Héctor Barrera
Batting: RHB Jaxton Goleta 0-0: Called Strike
0-1: Ground out 5-3 (Groundball, 5, EV 105.6 MPH)
Batting: RHB Juan Guzmán 0-0: Fly out, F8 (Flyball, 8LXD, EV 87.5 MPH)
Batting: RHB Scotty Glenn 0-0: Called Strike
0-1: Called Strike
0-2: Strikes out swinging
Bottom of the 1st over - 0 runs, 0 hits, 0 errors, 0 left on base; Belvedere Park 0 - Durham 0
TOP OF THE 2ND
Belvedere Park Rawhides batting - Pitching for Durham Rapiers : RHP Freddy Calcines
Batting: RHB Richello Oliva 0-0: Called Strike
0-1: Foul Ball, location: 2F
0-2: Strikes out swinging
Batting: RHB Junior Young 0-0: Ball
1-0: Ball
2-0: Swinging Strike
2-1: Ball
3-1: Swinging Strike
3-2: Foul Ball, location: 2F
3-2: Base on Balls
Batting: RHB Roger Snodgrass 0-0: Called Strike
0-1: Ball
1-1: Foul Ball, location: 2F
1-2: Foul Ball, location: 2F
1-2: Strikes out swinging
Batting: RHB Tony Randolph 0-0: Called Strike
0-1: Foul Ball, location: 2F
0-2: Strikes out looking
Top of the 2nd over - 0 runs, 0 hits, 0 errors, 1 left on base; Belvedere Park 0 - Durham 0
BOTTOM OF THE 2ND
Durham Rapiers batting - Pitching for Belvedere Park Rawhides : RHP Héctor Barrera
Batting: SHB John Wilder 0-0: Fly out, F2 (Popup, 5SF, EV 89.4 MPH)
Batting: RHB Bearooz Yacoobi 0-0: Called Strike
0-1: Swinging Strike
0-2: Ball
1-2: Ball
2-2: Fly out, F8 (Flyball, 89D, EV 103.1 MPH)
Batting: SHB Takechi Yamashita 0-0: Foul Ball, location: 2F
0-1: Ball
1-1: Ball
2-1: Fly out, F4 (Popup, 4, EV 76.9 MPH)
Bottom of the 2nd over - 0 runs, 0 hits, 0 errors, 0 left on base; Belvedere Park 0 - Durham 0
TOP OF THE 3RD
Belvedere Park Rawhides batting - Pitching for Durham Rapiers : RHP Freddy Calcines
Batting: SHB Amadeo Álvarez 0-0: Called Strike
0-1: Ball
1-1: Ground out 6-3 (Groundball, 6, EV 103.8 MPH)
Batting: RHB Enrique De La Rosa 0-0: Foul Ball, location: 2F
0-1: Ground out 1-3 (Groundball, 13S, EV 69.4 MPH)
Batting: SHB Hélio Capriati 0-0: Foul Ball, location: 2F
0-1: Ball
1-1: DOUBLE (Line Drive, 89XD, EV 107.5 MPH)
Batting: RHB Mauro Jasso 0-0: Ball
1-0: SINGLE (Groundball, 6M, EV 95.6 MPH)
Hélio Capriati to third
Runner from 3rd tries for Home, throw by CF and OUT! 8-2
Top of the 3rd over - 0 runs, 2 hits, 0 errors, 1 left on base; Belvedere Park 0 - Durham 0
BOTTOM OF THE 3RD
Durham Rapiers batting - Pitching for Belvedere Park Rawhides : RHP Héctor Barrera
Batting: RHB Marvin Strickland 0-0: Ball
1-0: Ball
2-0: Foul Ball, location: 2F
2-1: Swinging Strike
2-2: Foul Ball, location: 2F
2-2: Foul Ball, location: 2F
2-2: Ball
3-2: Foul Ball, location: 2F
3-2: Fly out, F6 (Popup, 25, EV 96.2 MPH)
Batting: RHB Kiyohira Kan 0-0: Ground out 6-3 (Groundball, 6, EV 82.5 MPH)
Batting: SHB Tekkan Hayagawa 0-0: Called Strike
0-1: Ball
1-1: Ball
2-1: Fly out, F9 (Flyball, 9D, EV 91.9 MPH)
Bottom of the 3rd over - 0 runs, 0 hits, 0 errors, 0 left on base; Belvedere Park 0 - Durham 0
TOP OF THE 4TH
Belvedere Park Rawhides batting - Pitching for Durham Rapiers : RHP Freddy Calcines
Batting: SHB Yeow-whye Zhu 0-0: Ball
1-0: Ball
2-0: Foul Ball, location: 2F
2-1: Ball
3-1: Base on Balls
Batting: RHB Richello Oliva 0-0: Ball
1-0: Swinging Strike
1-1: Hit by Pitch
Yeow-whye Zhu to second
Batting: RHB Junior Young 0-0: Called Strike
0-1: Ball
1-1: Ball
2-1: Ball
3-1: Foul Ball, location: 2F
3-2: Strikes out looking
Batting: RHB Roger Snodgrass 0-0: Grounds into double play, 5-4-3 (Groundball, 56, EV 84.4 MPH)
Top of the 4th over - 0 runs, 0 hits, 0 errors, 1 left on base; Belvedere Park 0 - Durham 0
BOTTOM OF THE 4TH
Durham Rapiers batting - Pitching for Belvedere Park Rawhides : RHP Héctor Barrera
Batting: RHB Jaxton Goleta 0-0: Ball
1-0: Called Strike
1-1: Swinging Strike
1-2: SINGLE (Line Drive, 89S, EV 100.0 MPH)
Batting: RHB Juan Guzmán 0-0: Called Strike
0-1: Ball
1-1: Ball
2-1: SINGLE (Flyball, 9LM, EV 92.5 MPH)
Jaxton Goleta to second
Runner from 2nd tries for 3rd, SAFE, throw by RF made to third
Batting: RHB Scotty Glenn 0-0: Ball
1-0: Ball
2-0: Fly out, F2 (Popup, 5SF, EV 81.2 MPH)
Batting: SHB John Wilder 0-0: Ball
1-0: Ball
2-0: Ball
3-0: Called Strike
3-1: Fly out, F8 (Flyball, 8LM, EV 80.6 MPH)
Batting: RHB Bearooz Yacoobi 0-0: Ball
1-0: Ball
2-0: Called Strike
2-1: Fielders Choice at 2nd, 5-4 (Groundball, 56, EV 90.0 MPH)
Bottom of the 4th over - 0 runs, 2 hits, 0 errors, 2 left on base; Belvedere Park 0 - Durham 0
TOP OF THE 5TH
Belvedere Park Rawhides batting - Pitching for Durham Rapiers : RHP Freddy Calcines
Batting: RHB Tony Randolph 0-0: Foul Ball, location: 2F
0-1: Ball
1-1: Ball
2-1: Called Strike
2-2: Foul Ball, location: 2F
2-2: Ball
3-2: Foul Ball, location: 2F
3-2: Base on Balls
Batting: SHB Amadeo Álvarez 0-0: Ball
1-0: Called Strike
1-1: Sac Bunt to 25 - play at first, batter OUT! 5-3
Tony Randolph to second
Batting: RHB Enrique De La Rosa 0-0: Ball
1-0: Ball
2-0: Ball
3-0: Foul Ball, location: 2F
3-1: Called Strike
3-2: Ground out 6-3 (Groundball, 6, EV 102.5 MPH)
Batting: SHB Hélio Capriati 0-0: Swinging Strike
0-1: Ball
1-1: Ground out 5-3 (Groundball, 5, EV 98.8 MPH)
Top of the 5th over - 0 runs, 0 hits, 0 errors, 1 left on base; Belvedere Park 0 - Durham 0
BOTTOM OF THE 5TH
Durham Rapiers batting - Pitching for Belvedere Park Rawhides : RHP Héctor Barrera
Batting: SHB Takechi Yamashita 0-0: Ball
1-0: Foul Ball, location: 2F
1-1: Called Strike
1-2: Foul Ball, location: 2F
1-2: Strikes out swinging
Batting: RHB Marvin Strickland 0-0: Called Strike
0-1: Ball
1-1: Ball
2-1: SINGLE (Flyball, 9LS, EV 91.9 MPH)
Batting: RHB Kiyohira Kan 0-0: Called Strike
0-1: Foul Ball, location: 2F
0-2: Foul Ball, location: 2F
0-2: Ball
1-2: Fly out, F8 (Flyball, 78S, EV 96.9 MPH)
Batting: SHB Tekkan Hayagawa 0-0: Called Strike
0-1: Ball
1-1: Foul Ball, location: 2F
1-2: Fly out, F9 (Flyball, 9S, EV 84.4 MPH)
Bottom of the 5th over - 0 runs, 1 hit, 0 errors, 1 left on base; Belvedere Park 0 - Durham 0
TOP OF THE 6TH
Belvedere Park Rawhides batting - Pitching for Durham Rapiers : RHP Freddy Calcines
Batting: RHB Mauro Jasso 0-0: Called Strike
0-1: Fly out, F7 (Flyball, 7LS, EV 87.5 MPH)
Batting: SHB Yeow-whye Zhu 0-0: Called Strike
0-1: Hit by Pitch
Batting: RHB Richello Oliva 0-0: Foul Ball, location: 2F
0-1: Ball
1-1: Called Strike
1-2: Ball
2-2: Foul Ball, location: 2F
2-2: Fielders Choice at 2nd, 1-6 (Groundball, 34S, EV 70.0 MPH)
Batting: RHB Junior Young 0-0: Ball
1-0: Called Strike
1-1: Ground out 6-3 (Groundball, 6M, EV 84.4 MPH)
Top of the 6th over - 0 runs, 0 hits, 0 errors, 1 left on base; Belvedere Park 0 - Durham 0
BOTTOM OF THE 6TH
Durham Rapiers batting - Pitching for Belvedere Park Rawhides : RHP Héctor Barrera
Batting: RHB Jaxton Goleta 0-0: Called Strike
0-1: Called Strike
0-2: Ground out 6-3 (Groundball, 6, EV 83.8 MPH)
Batting: RHB Juan Guzmán 0-0: Ball
1-0: Ball
2-0: Called Strike
2-1: SINGLE (Groundball, 34D, EV 106.2 MPH)
Batting: RHB Scotty Glenn 0-0: Ball
1-0: Fielders Choice at 2nd, 1-4 (Groundball, P, EV 88.8 MPH)
Batting: SHB John Wilder 0-0: Ball
Scotty Glenn steals 2nd base
1-0: Ball
2-0: Foul Ball, location: 2F
2-1: Called Strike
2-2: Ball
3-2: Foul Ball, location: 2F
3-2: Ground out 4-3 (Groundball, 4M, EV 83.8 MPH)
Bottom of the 6th over - 0 runs, 1 hit, 0 errors, 1 left on base; Belvedere Park 0 - Durham 0
TOP OF THE 7TH
Belvedere Park Rawhides batting - Pitching for Durham Rapiers : RHP Freddy Calcines
Batting: RHB Roger Snodgrass 0-0: Foul Ball, location: 2F
0-1: Ground out 5-3 (Groundball, 56, EV 111.9 MPH)
Pitching: LHP Pellervo Soisalo
Batting: RHB Tony Randolph 0-0: Called Strike
0-1: Ball
1-1: Foul Ball, location: 2F
1-2: Ball
2-2: Ball
3-2: Strikes out swinging
Batting: SHB Amadeo Álvarez 0-0: Ball
1-0: Ball
2-0: Ball
3-0: Called Strike
3-1: Ground out 1-3 (Groundball, 13S, EV 62.5 MPH)
Top of the 7th over - 0 runs, 0 hits, 0 errors, 0 left on base; Belvedere Park 0 - Durham 0
BOTTOM OF THE 7TH
Durham Rapiers batting - Pitching for Belvedere Park Rawhides : RHP Héctor Barrera
Batting: RHB Bearooz Yacoobi 0-0: Foul Ball, location: 2F
0-1: Called Strike
0-2: Ball
1-2: Foul Ball, location: 2F
1-2: Foul Ball, location: 2F
1-2: Fly out, F7 (Flyball, 7LD, EV 106.9 MPH)
Pitching: RHP Wesley Mason
Batting: SHB Takechi Yamashita 0-0: Called Strike
0-1: Ball
1-1: SINGLE (Groundball, 6MD, EV 95.6 MPH)
Batting: RHB Marvin Strickland 0-0: Called Strike
0-1: Fly out, F6 (Popup, 6D, EV 66.9 MPH)
Batting: RHB Kiyohira Kan 0-0: SINGLE (Groundball, 4MD, EV 99.4 MPH)
Takechi Yamashita to second
Batting: SHB Tekkan Hayagawa 0-0: Called Strike
0-1: Swinging Strike
0-2: Foul Ball, location: 2F
0-2: Ball
1-2: SINGLE (Groundball, 34D, EV 94.4 MPH)
Takechi Yamashita to third
Kiyohira Kan to second
Runner from 3rd tries for Home, SAFE, throw by RF to home
Batting: RHB Jaxton Goleta 0-0: Ball
1-0: Ball
2-0: Ball
3-0: Called Strike
3-1: Base on Balls
Kiyohira Kan to third
Tekkan Hayagawa to second
Batting: RHB Juan Guzmán 0-0: Ball
1-0: Called Strike
1-1: Ball
2-1: Fly out, F9 (Flyball, 9, EV 86.9 MPH)
Bottom of the 7th over - 1 run, 3 hits, 0 errors, 3 left on base; Belvedere Park 0 - Durham 1
TOP OF THE 8TH
Belvedere Park Rawhides batting - Pitching for Durham Rapiers : LHP Pellervo Soisalo
Batting: RHB Enrique De La Rosa 0-0: Ball
1-0: Swinging Strike
1-1: Called Strike
1-2: Ball
2-2: Fly out, F8 (Flyball, 8LD, EV 85.6 MPH)
Batting: SHB Hélio Capriati 0-0: Fly out, F4 (Popup, 4MD, EV 43.8 MPH)
Batting: RHB Mauro Jasso 0-0: Foul Ball, location: 2F
0-1: Foul Ball, location: 2F
0-2: Ball
1-2: Ball
2-2: Foul Ball, location: 2F
2-2: Ball
3-2: Strikes out swinging
Top of the 8th over - 0 runs, 0 hits, 0 errors, 0 left on base; Belvedere Park 0 - Durham 1
BOTTOM OF THE 8TH
Durham Rapiers batting - Pitching for Belvedere Park Rawhides : RHP Wesley Mason
Batting: RHB Scotty Glenn 0-0: Ball
1-0: Ball
2-0: Called Strike
2-1: Fly out, F9 (Flyball, 9LSF, EV 85.0 MPH)
Now in RF: Duane Davis
Batting: SHB John Wilder 0-0: Called Strike
0-1: Foul Ball, location: 2F
0-2: Ball
1-2: Ball
2-2: Strikes out swinging
Batting: RHB Bearooz Yacoobi 0-0: Ball
1-0: SINGLE (Groundball, 56S, EV 70.6 MPH) (infield hit)
Batting: SHB Takechi Yamashita 0-0: Ball
1-0: Ball
2-0: Called Strike
2-1: Foul Ball, location: 2F
2-2: Foul Ball, location: 2F
2-2: Foul Ball, location: 2F
2-2: Fly out, F7 (Flyball, 7S, EV 74.4 MPH)
Bottom of the 8th over - 0 runs, 1 hit, 0 errors, 1 left on base; Belvedere Park 0 - Durham 1
TOP OF THE 9TH
Belvedere Park Rawhides batting - Pitching for Durham Rapiers : LHP Pellervo Soisalo
Pitching: LHP Curt Moore
Now at 2B: Brandon Palmer
Now at 3B: Guo-liang Ye
Batting: SHB Yeow-whye Zhu 0-0: Swinging Strike
0-1: Swinging Strike
0-2: Foul Ball, location: 2F
0-2: Ball
1-2: Hit by Pitch
Batting: RHB Richello Oliva 0-0: Ball
1-0: Called Strike
1-1: Grounds into double play, 6-4-3 (Groundball, 6, EV 103.1 MPH)
Batting: RHB Junior Young 0-0: Called Strike
0-1: Foul Ball, location: 2F
0-2: Ball
1-2: Strikes out swinging
Top of the 9th over - 0 runs, 0 hits, 0 errors, 0 left on base; Belvedere Park 0 - Durham 1
Friday, April 17th, 2020 - OOTP Baseball 20.8 Build 74